 Dungeon Crawl Stone Soup version 0.26-a0-812-g31a745ddcd (webtiles) character file.

Game seed: 3902473160305915243

5360 raph the Geomancer (level 10, 0/50 HPs)
             Began as a Gargoyle Earth Elementalist on Dec 2, 2020.
             Was a Believer of Ashenzari.
             Slain by a killer bee (4 damage)
             ... on level 7 of the Dungeon.
             The game lasted 00:28:06 (12154 turns).

raph the Geomancer (Gargoyle Earth Elementalist)   Turns: 12154, Time: 00:28:07

Health: 0/50       AC: 12    Str: 18    XL:     10   Next: 65%
Magic:  5/18       EV: 13    Int: 19    God:    Ashenzari [**....]
Gold:   527        SH:  5    Dex: 10    Spells: 1/19 levels left

rFire    . . .     SeeInvis .   l - +3 dagger (drain) (curse)
rCold    . . .     Faith    .   (no shield)
rNeg     + . .     Spirit   .   c - +1 robe
rPois    ∞         Reflect  +   (helmet restricted)
rElec    +         Harm     .   (no cloak)
rCorr    +         Rampage  .   w - +0 pair of gloves (curse)
MR       .....                  j - +0 pair of boots (curse)
Stlth    +++.......             y - amulet of reflection (curse)
HPRegen  0.00/turn              p - ring of resist corrosion
MPRegen  0.16/turn              d - +6 ring of strength (curse)

@: no status effects
A: horns 1, negative energy resistance 1, electricity resistance, inhibited
regeneration, unbreathing, petrification resistance, rot immunity, AC +7
a: Curse Item, Scrying, Renounce Religion


You were on level 7 of the Dungeon.
You worshipped Ashenzari.
Ashenzari was pleased with you.
You visited 1 branch of the dungeon, and saw 8 of its levels.
You also visited: Sewer.

You collected 527 gold pieces.

Inventory:

Hand Weapons
 a - a +0 whip
 f - a +1 whip of draining
 g - a +0 dagger
 l - a cursed +3 dagger of draining (weapon)
Missiles
 b - 271 stones (quivered)
 u - 5 silver javelins
Armour
 c - a +1 robe (worn)
 j - a cursed +0 pair of boots (worn)
 w - a cursed +0 pair of gloves (worn)
Magical Staves
 o - a cursed staff of conjuration
Jewellery
 d - a cursed +6 ring of strength (right hand)
 p - a ring of resist corrosion (left hand)
 y - a cursed amulet of reflection (around neck)
Wands
 h - a wand of flame (26)
 k - a wand of enslavement (10)
 v - a wand of iceblast (1)
 x - a wand of disintegration (5)
Scrolls
 m - 7 scrolls of teleportation
 r - a scroll of fear
 s - 3 scrolls of amnesia
 t - a scroll of magic mapping
Potions
 e - 2 potions of attraction
 i - a potion of lignification {unknown}
 n - 5 potions of flight
 q - a potion of magic
 z - a potion of degeneration


   Skills:
 + Level 4.8 Dodging
 + Level 6.8 Stealth
 + Level 5.4 Spellcasting
 + Level 8.3(9.8) Conjurations
 - Level 0.7(1.4) Transmutations
 * Level 11.7(13.0) Earth Magic


You had one spell level left.
You knew the following spells:

 Your Spells              Type           Power        Failure   Level
a - Sandblast             Erth           ######       1%          1
b - Stone Arrow           Conj/Erth      #####.       1%          3
c - Passwall              Tmut/Erth      ####....     1%          2
d - Lee's Rapid Deconstr  Erth           ######....   1%          5
e - Dazzling Flash        Conj/Hex       ###...       4%          3
f - Petrify               Tmut/Erth      ####....     6%          4

Your spell library contained the following spells:

 Spells                   Type           Power        Failure   Level
 Corona                   Hex            #......      11%         1
 Ensorcelled Hibernation  Hex/Ice        #.....       17%         2
 Confusing Touch          Hex            #.......     32%         3
 Gell's Gravitas          Tloc           #.........   32%         3
 Tukima's Dance           Hex            #.......     32%         3
 Yara's Violent Unravell  Hex/Tmut       #.........   93%         5
 Metabolic Englaciation   Hex/Ice        #.........   97%         5


Dungeon Overview and Level Annotations

Branches:
Dungeon (8/15)             Temple (0/1) D:5           Sewer (visited)
   Lair: D:8-11

Altars:
Ashenzari
Dithmenos
Elyvilon
Gozag
Makhleb
Nemelex Xobeh
Trog
Wu Jian
Yredelemnul

Annotations:
D:7 3 runed translucent doors, rigao's ghost, novice NaVM
D:8 Gastronok


Innate Abilities, Weirdness & Mutations

You are resistant to torment.
Your stone body is resilient. (AC +7)
You are immune to poison.
You resist negative energy. (rN+)
You are resistant to electric shocks. (rElec)
You can survive without breathing.
You are immune to petrification.
You are immune to rotting.
You have a pair of small horns on your head.
You do not regenerate when monsters are visible.


Message History

There is a stone staircase leading up here.
You block the killer bee's attack. The warg barely misses you.
The bat hits you but does no damage. You block the orc priest's attack.
The killer bee closely misses you. The warg bites you but does no damage.
You climb upwards.
Level annotation: 3 runed translucent doors, rigao's ghost, novice NaVM
There is a stone staircase leading down here.
As you read the scroll of fear, it crumbles to dust.
You assume a fearsome visage.
The warg looks frightened!
The orc priest looks frightened!
The killer bee looks frightened!
Cornered, the killer bee turns to fight!
Casting: Sandblast (safe; 1% risk of failure)
Confirm with . or Enter, or press ? or * to list all spells.
Aiming: Stone Arrow (safe; 1% risk of failure)
Press: ? - help, Shift-Dir - straight line, f - killer bee
Aim: a killer bee The stone arrow hits the killer bee!
The killer bee is almost dead.
The killer bee stings you.
You die...

##..................##..
##...y............).##...
#....#>.....##...........
##...#......###.(......##
######.......##.........
###.......[.####...
#..........#.#....
##y....#...........
###.@.#........#..###
##.....⌠.⌠.o.......#
#......._..........##
#......⌠.⌠...#......#
###......#...#.....##
#.######...##.##.# ###
##..####### ####


You could see a killer bee and an orc priest (fleeing).

Vanquished Creatures
  A two-headed ogre (D:8)
  An unseen horror (D:6)
  Pikel (D:7)
  Grinder (D:3)
  6 yaks
  Edmund (D:5)
  3 sky beasts
  Purgy (Sewer)
  An orc warrior (D:7)
  A necrophage (D:7)
  3 phantoms
  3 ogres
  A big kobold (D:6)
  A lemure (D:6)
  6 bullfrogs
  A gnoll sergeant (D:8)
  A water moccasin zombie (D:4)
  A scorpion (D:7)
  A water moccasin skeleton (D:4)
  A bullfrog zombie (D:6)
  A howler monkey (D:6)
  2 jellies (D:6)
  2 orc priests
  A bullfrog skeleton (D:5)
  An iguana (D:5)
  6 orc wizards
  3 worker ants
  11 adders
  7 gnolls
  A howler monkey skeleton (D:5)
  A shadow imp (D:7)
  2 white imps
  An ufetubus (D:6)
  An ooze (D:7)
  2 adder skeletons
  2 dart slugs
  3 leopard geckos
  26 orcs
  4 ball pythons
  4 bats
  14 giant cockroaches
  7 goblins
  14 hobgoblins
  3 jackals (D:7)
  5 quokkas
  7 frilled lizards
  13 kobolds
  8 rats
188 creatures vanquished.

Notes
Turn   | Place    | Note
-------+----------+-------------------------------------------
     0 | D:1      | raph the Gargoyle Earth Elementalist began the quest for
                  | the Orb.
     0 | D:1      | Reached XP level 1. HP: 10/10 MP: 3/3
    58 | D:1      | Reached skill level 4 in Earth Magic
   227 | D:1      | Reached XP level 2. HP: 15/15 MP: 1/5
  1230 | D:2      | Reached XP level 3. HP: 19/19 MP: 2/6
  1235 | D:2      | Learned a level 3 spell: Stone Arrow
  1387 | D:2      | Reached skill level 5 in Earth Magic
  1420 | D:2      | Found a shadowy altar of Dithmenos.
  1425 | D:2      | Learned a level 2 spell: Passwall
  1776 | D:2      | Reached skill level 1 in Conjurations
  1840 | D:2      | Found an opulent altar of Gozag.
  1840 | D:2      | Found a basalt altar of Yredelemnul.
  1974 | D:2      | Found an ornate altar of the Wu Jian Council.
  2312 | D:2      | Reached XP level 4. HP: 23/24 MP: 1/7
  2488 | D:2      | Found a burning altar of Makhleb.
  2530 | D:2      | Found a broken altar of Ashenzari.
  2544 | D:2      | Found a white marble altar of Elyvilon.
  2564 | D:2      | Found a bloodstained altar of Trog.
  2583 | D:2      | Became a worshipper of Ashenzari the Shackled
  3002 | D:3      | Noticed Grinder
  3022 | D:2      | HP: 1/24 [something/puff of frost (9)]
  3023 | D:2      | Reached skill level 6 in Earth Magic
  3023 | D:2      | Reached XP level 5. HP: 1/28 MP: 0/8
  3558 | D:3      | Paralysed by Grinder for 2 turns
  3571 | D:3      | Killed Grinder
  3571 | D:3      | Reached skill level 7 in Earth Magic
  3571 | D:3      | Reached XP level 6. HP: 13/32 MP: 3/9
  3899 | D:3      | Reached XP level 7. HP: 36/36 MP: 0/10
  4023 | D:3      | Reached skill level 5 in Conjurations
  4347 | D:3      | Found a bloodstained altar of Trog.
  4766 | D:4      | Found a glowing drain.
  4814 | Sewer    | Entered a sewer
  4842 | Sewer    | Noticed Purgy
  4846 | Sewer    | Killed Purgy
  5190 | D:4      | Reached skill level 8 in Earth Magic
  5425 | D:4      | Reached XP level 8. HP: 41/41 MP: 7/11
  5582 | D:4      | Reached * piety under Ashenzari
  5815 | D:5      | Entered Level 5 of the Dungeon
  6228 | D:5      | Noticed Edmund
  6269 | D:5      | Killed Edmund
  6550 | D:5      | Learned a level 5 spell: Lee's Rapid Deconstruction
  7020 | D:5      | Found a staircase to the Ecumenical Temple.
  7409 | D:6      | Reached skill level 9 in Earth Magic
  8444 | D:7      | Reached XP level 9. HP: 45/45 MP: 6/14
  8534 | D:7      | Found a sparkling altar of Nemelex Xobeh.
  8897 | D:6      | Killed an unseen horror
  8897 | D:6      | Reached skill level 5 in Stealth
  8909 | D:6      | Gained mutation: You do not regenerate when monsters are
                  | visible. [potion of mutation]
  8909 | D:6      | Gained mutation: You have a pair of small horns on your
                  | head. [potion of mutation]
  8929 | D:6      | Reached skill level 10 in Earth Magic
  9298 | D:7      | Noticed Pikel
 10023 | D:7      | Reached XP level 10. HP: 30/50 MP: 15/17
 10367 | D:7      | Reached ** piety under Ashenzari
 10373 | D:7      | Reached skill level 11 in Earth Magic
 10953 | D:7      | Killed Pikel
 10953 | D:7      | Reached skill level 5 in Spellcasting
 11182 | D:7      | Found a runed translucent gate.
 11182 | D:7      | Found a runed translucent gate.
 11182 | D:7      | Found a runed translucent gate.
 11183 | D:7      | Noticed rigao's ghost (novice NaVM)
 11323 | D:8      | Noticed Gastronok
 11327 | D:8      | Noticed a two-headed ogre
 12109 | D:8      | Learned a level 3 spell: Dazzling Flash
 12114 | D:8      | Learned a level 4 spell: Petrify
 12127 | D:8      | Killed a two-headed ogre
 12154 | D:7      | Slain by a killer bee

Illustrated notes

Levels and vault maps discovered:
D:1:      dpeg_arrival_prison, layout_loops_ring, serial_glass, glass_columns_c,
          glass_columns_a, glass_columns_c, glass_columns_a, glass_columns_b,
          glass_columns_a
D:2:      layout_basic, nicolae_overflow_quartered_altars,
          nicolae_overflow_crystal_walls, lemuel_doored_altar,
          gammafunk_temple_overflow_wave, patterned_corridor
D:3:      layout_rooms, trog_hazing_becter, uniq_grinder
D:4:      layout_gridville, gup_sewer_entry_pipe
D:5:      layout_cave_pools, temple_hall, kennysheep_cluttered_room,
          ebering_dispersal_statue_hall, uniq_edmund
D:6:      layout_cave_pools, serial_column_ruins, column_ruins_open_tiny,
          column_ruins_grid_1, column_ruins_grid_3, column_ruins_open_medium,
          column_ruins_corridor_plus, column_ruins_columns_T,
          minmay_misc_feat_five, minmay_misc_feat_four_crosses
D:7:      layout_cave_pools, nemelex_xobeh_ov_fountains_minmay,
          gammafunk_ghost_necromancy, uniq_pikel
D:8:      minmay_inner_zag, layout_rooms, erik_lair_orcish_takeover,
          chei_slow_surprise, uniq_gastronok

Skill      XL: |  1  2  3  4  5  6  7  8  9 10 |
---------------+-------------------------------+-----
Earth Magic    | 4 5 6 7 8 9 10 11 | 11.7
Conjurations   | 1 2 4 5 6 7 8 |  8.3
Dodging        | 2 3 4 |  4.8
Stealth        | 3 4 5 6 |  6.8
Spellcasting   | 3 4 5 |  5.4
Transmutations | |  0.7

Action                   |  1- 3 |  4- 6 |  7- 9 | 10-12 || total
-------------------------+-------+-------+-------+-------++-------
Melee: Unarmed           |     1 |       |       |       ||     1
       Dagger            |    35 |    55 |   238 |    42 ||   370
       Whip              |    38 |       |       |       ||    38
       Headbutt          |       |       |     4 |     4 ||     8
 Cast: Sandblast         |    32 |    38 |    37 |    17 ||   124
       Stone Arrow       |       |     8 |    66 |    33 ||   107
       Lee's Rapid Decon |       |       |     6 |     6 ||    12
Invok: Curse Item        |       |     1 |     4 |       ||     5
  Use: Scroll            |       |     7 |     3 |     1 ||    11
       Potion            |       |     1 |     5 |       ||     6
 Stab: Sleeping          |     3 |       |     2 |       ||     5
Armor: Robe              |    38 |    35 |   113 |    34 ||   220
Dodge: Dodged            |    78 |    58 |   177 |    44 ||   357
Block: Other             |       |       |    26 |    17 ||    43
       Reflection        |       |       |     1 |       ||     1

Table legend: (Time is in decaauts)
 A = Elapsed time spent in this place.
 B = Non-inter-level travel time spent in this place.
 C = Inter-level travel time spent in this place.
 D = Time resting spent in this place.
 E = Time spent auto-exploring this place.
 F = Levels seen in this place.
 G = Mean time per level.
                   A        B        C        D        E       F      G
               +--------+--------+--------+--------+--------+-----+--------+
         Total |  12228 |  11869 |    359 |   6169 |   3598 |   9 | 1358.7 |
       Dungeon |  11908 |  11549 |    359 |   6053 |   3505 |   8 | 1488.5 |
         Sewer |    319 |    319 |      0 |    116 |     92 |   1 |  319.0 |
               +--------+--------+--------+--------+--------+-----+--------+

Top non-repeatable levels by time:
     D:6: 2783 daAuts
     D:2: 2629 daAuts
     D:7: 1933 daAuts
     D:5: 1340 daAuts
     D:3: 1027 daAuts
     D:4: 1008 daAuts
     D:1: 923 daAuts
   Sewer: 319 daAuts
     D:8: 262 daAuts
